 Dungeon Crawl Stone Soup version 0.30-a0-534-gdc55766716 (webtiles) character file.

Game seed: 11726398845851813108

26 porpoise the Trooper (level 2, 0/24 HPs)
             Began as a Demonspawn Fighter on Dec 25, 2022.
             Slain by a gnoll
             ... wielding a +0 flail
              (7 damage)
             ... on level 2 of the Dungeon.
             The game lasted 00:03:03 (503 turns).

porpoise the Trooper (Demonspawn Fighter)            Turns: 503, Time: 00:03:04

Health: 0/24       AC:  8    Str: 16    XL:     2   Next: 89%
Magic:  2/2        EV:  9    Int:  9    God:
Gold:   18         SH:  5    Dex: 15    Spells: 1/1 levels left

rFire   . . .      SeeInvis .    a - +0 war axe
rCold   . . .      Faith    .    c - +0 buckler
rNeg    + . .      Spirit   .    k - +2 ring mail of Etromn {rElec rN+ Dex+3}
rPois   +          Reflect  .    (no helmet)
rElec   +          Harm     .    (no cloak)
rCorr   .          Rampage  .    (no gloves)
Will    .....                    (no boots)
Stlth   +                        (no amulet)
HPRegen 0.24/turn                l - ring of poison resistance
MPRegen 0.08/turn                (no ring)

@: no status effects
A: sharp scales 1
a: no special abilities


You were on level 2 of the Dungeon.
You visited 1 branch of the dungeon, and saw 2 of its levels.

You collected 18 gold pieces.

Inventory:

Hand Weapons
 a - a +0 war axe (weapon)
Missiles
 g - 3 poisoned darts (quivered)
Armour
 c - a +0 buckler (worn)
 k - the +2 ring mail of Etromn (worn) {rElec rN+ Dex+3}
   (You found it on level 2 of the Dungeon)

   Dex:       It affects your dexterity (+3).
   rElec:     It insulates you from electricity.
   rN:        It protects you from negative energy.
Jewellery
 l - a ring of poison resistance (left hand)
Scrolls
 e - a scroll of vulnerability {unknown}
 i - a scroll of teleportation {unknown}
 j - a scroll of poison {unknown}
Potions
 b - a potion of curing {unknown}
 d - 2 potions of might
 f - a potion of brilliance {unknown}
 h - a potion of resistance {unknown}
 m - a potion of attraction {unknown}


   Skills:
 + Level 3.4 Fighting
 * Level 2.7 Axes
 - Level 2.6 Armour
 - Level 2.6 Shields


You had one spell level left.
You didn't know any spells.
Your spell library was empty.

Dungeon Overview and Level Annotations

Branches:
Dungeon (2/15)

Altars:


Innate Abilities, Weirdness & Mutations

You are partially covered in razor-sharp scales. (AC +1, Slay +1)


Message History

A goblin comes into view. It is wielding a +0 dagger.
The goblin shouts!
A bat comes into view.
You closely miss the goblin. The bat hits you but does no damage.
You block the goblin's attack. x2
You slash the goblin!
You kill the goblin!
You closely miss the bat. The bat hits you but does no damage.
You block the bat's attack.
You slash the bat!
You kill the bat!
You see here a +0 dagger.
A gnoll comes into view. It is wielding a +0 spear.
The gnoll shouts!
You hear a shout! x2
A gnoll comes into view. It is wielding a +0 flail.
The gnoll shouts!
A gnoll comes into view. It is wielding a +0 spear.
The gnoll shouts!
The gnoll barely misses you.
You barely miss the gnoll. The gnoll hits you with a +0 spear. x2
The gnoll hits you with a +0 flail.
You barely miss the gnoll. You completely miss the gnoll.
The gnoll completely misses you. The gnoll hits you with a +0 spear.
You hit the gnoll but do no damage. You hit the gnoll.
The gnoll hits you but does no damage. The gnoll closely misses you.
You block the gnoll's attack. The gnoll hits you but does no damage.
The gnoll closely misses you.
You closely miss the gnoll.
The gnoll is moderately wounded.
You hit the gnoll. The gnoll hits you with a +0 flail.
A kobold comes into view. It is wielding a +0 club.
The gnoll hits you but does no damage. The gnoll barely misses you.
You hit the gnoll.
The gnoll is heavily wounded.
You completely miss the gnoll. The gnoll hits you but does no damage.
The gnoll hits you from afar with a +0 spear.
* * * LOW HITPOINT WARNING * * *
The gnoll hits you but does no damage. The gnoll completely misses you.
The gnoll hits you with a +0 flail!
You die...

..... # ...K.. . ......#
.## # #'#...####.. .
##.........# #.
.....g.....# #.
.......gg..# #.
.......@...### ..
.............# #.
......<......# #.
......?....=.##########.
##.#....................
# ######)..........###.
#........##.###.
#†.......+......
#........##.####


You could see 3 gnolls and a kobold.

Vanquished Creatures
  An adder (D:2)
  A dart slug (D:1)
  2 bats
  An endoplasm (D:1)
  A giant cockroach (D:1)
  2 goblins
  2 quokkas
  3 ball pythons
  2 rats
15 creatures vanquished.

Vanquished Creatures (others)
  4 toadstools (D:1)
4 creatures vanquished.

Grand Total: 19 creatures vanquished

Notes
Turn   | Place    | Note
-------+----------+-------------------------------------------
     0 | D:1      | porpoise the Demonspawn Fighter began the quest for the
                  | Orb.
     0 | D:1      | Reached XP level 1. HP: 18/18 MP: 1/1
   186 | D:1      | Gained mutation: You are partially covered in razor-sharp
                  | scales. (AC +1, Slay +1) [demonic ancestry]
   186 | D:1      | Reached XP level 2. HP: 23/24 MP: 2/2
   374 | D:1      | You fall into a shaft and drop 1 floor!
   429 | D:2      | Identified the +2 ring mail of Etromn {rElec rN+ Dex+3}
   503 | D:2      | Slain by a gnoll

Illustrated notes

Levels and vault maps discovered:
D:1:      ldierk_water_garden, layout_loops_cross
D:2:      layout_basic, uniq_terence

Skill      XL: |  1 |
---------------+----+-----
Axes           | 2 |  2.7
Fighting       | |  3.4
Armour         | |  2.6
Shields        | |  2.6

Action                   || total
-------------------------++-------
Melee: War axe           ||    32
Armor: Scale mail        ||     5
       Ring mail         ||     7
Dodge: Dodged            ||     8
Block: Buckler           ||     7

Table legend: (Time is in decaauts)
 A = Elapsed time spent in this place.
 B = Non-inter-level travel time spent in this place.
 C = Inter-level travel time spent in this place.
 D = Time resting spent in this place.
 E = Time spent auto-exploring this place.
 F = Levels seen in this place.
 G = Mean time per level.
                   A        B        C        D        E       F      G
               +--------+--------+--------+--------+--------+-----+--------+
         Total |    518 |    518 |      0 |     26 |    355 |   2 |  259.0 |
       Dungeon |    518 |    518 |      0 |     26 |    355 |   2 |  259.0 |
               +--------+--------+--------+--------+--------+-----+--------+

Top non-repeatable levels by time:
     D:1: 383 daAuts
     D:2: 134 daAuts
